 Dungeon Crawl Stone Soup version 0.31-a0-640-g39d97e502b (webtiles) character file.

Game seed: 13944399069955811423

1827566 Zonian the Shapeless Merfolk (level 27, 242/242 HPs)
             Began as a Merfolk Shapeshifter on Aug 20, 2023.
             Was an Initiate of Gozag.
             Escaped with the Orb
             ... and 4 runes on Aug 29, 2023!
             The game lasted 05:32:47 (112885 turns).

Zonian the Shapeless Merfolk (MfSh)               Turns: 112885, Time: 05:32:48

Health: 242/242    AC: 15    Str: 21    XL:     27
Magic:  60/60      EV: 51    Int:  8    God:    Gozag
Gold:   9015       SH:  0    Dex: 17    Spells: 54/65 levels left

rFire   + .          .
                       - Unarmed
rCold   + . .        (shield currently unavailable)
rNeg    . . .        (body armour currently unavailable)
rPois   ∞            (helmet currently unavailable)
rElec   +            (cloak currently unavailable)
rCorr   .            (gloves currently unavailable)
SInv    .            (boots currently unavailable)
Will    ++...        Y - amulet "Uluba" {Spirit Fly rElec}
Stlth   +++          q - ring of the Sky {rC+ MP+9}
HPRegen 0.60/turn    j - ring of Kogepur {rElec rF+ MP+9 Str-3 Slay+5}
MPRegen 0.37/turn

%: random rage (3%), guardian spirit
@: storm-form, flying, studying 2 skills
A: cleaving, insubstantial, flying, (nimble swimmer 2), (mertail), (claws 2),
berserk 1, (deformed body), dopey 1, low MP 1, MP-powered wands
0: Orb of Zot
}: 4/15 runes: decaying, serpentine, slimy, silver
a: Blinkbolt, Begin Untransformation, Renounce Religion, Potion Petition, Call
Merchant, Bribe Branch


You escaped.
You worshipped Gozag.
Gozag was greatly pleased with you.
You were a lightning-filled tempest!
You visited 11 branches of the dungeon, and saw 55 of its levels.
You visited 2 bazaars.
You visited 1 ziggurat, and saw 9 of its levels.
You also visited: Sewer and Bailey.

You collected 36796 gold pieces.
You spent 7309 gold pieces at shops.
You paid 20472 gold pieces to Gozag.

Inventory:

Jewellery
 c - an amulet of reflection
 f - a +5 ring of evasion
 j - the ring of Kogepur (right fist) {rElec rF+ MP+9 Str-3 Slay+5}
   (You bought it in a shop on level 1 of the Elven Halls)

   [ring of magical power]

   Str-3:     It affects your strength (-3).
   Slay+5:    It affects your accuracy & damage with ranged weapons and melee
   (+5).
   rF+:       It protects you from fire.
   rElec:     It insulates you from electricity.
   MP+9:      It affects your magic capacity (+9).
 q - the ring of the Sky (left fist) {rC+ MP+9}
   (You took it off a deep elf annihilator on level 3 of the Elven Halls)

   [ring of magical power]

   rC+:       It protects you from cold.
   MP+9:      It affects your magic capacity (+9).
 v - a +5 ring of evasion
 x - the amulet of Ru's Hatred {Rampage rF+ Regen+ Int+4}
   (You found it on level 6 of a ziggurat)

   [amulet of regeneration]

   Int+4:     It affects your intelligence (+4).
   rF+:       It protects you from fire.
   Regen+:    It increases your rate of health regeneration.
   Rampage:   It bestows one free step when moving towards enemies.
 y - a ring of protection from fire
 Y - the amulet "Uluba" (around neck) {Spirit Fly rElec}
   (You found it on level 5 of the Lair of Beasts)

   [amulet of guardian spirit]

   Spirit:    It causes incoming damage to be divided between your reserves of
   health and magic.
   rElec:     It insulates you from electricity.
   Fly:       It grants you flight.
Talismans
 b - a talisman of death
Wands
 a - a wand of polymorph (11)
 g - a wand of digging (15)
 o - a wand of mindburst (27)
 K - a wand of flame (66)
 V - a wand of charming (50)
 W - a wand of roots (40)
 Z - a wand of acid (3)
Scrolls
 e - 22 scrolls of teleportation
 m - 3 scrolls of enchant armour
 n - 5 scrolls of amnesia
 p - 4 scrolls of vulnerability
 s - 8 scrolls of fog
 t - 3 scrolls of revelation
 D - 11 scrolls of fear
 F - 10 scrolls of poison
 G - 6 scrolls of blinking
 H - 5 scrolls of silence
 M - 2 scrolls of summoning
 O - 7 scrolls of immolation
 T - 41 scrolls of identify
Potions
 d - 9 potions of brilliance
 h - 7 potions of invisibility
 i - a potion of magic
 k - 3 potions of attraction
 l - 2 potions of ambrosia
 r - 6 potions of resistance
 w - 18 potions of curing
 z - a potion of mutation
 B - 7 potions of berserk rage
 C - 7 potions of lignification
 E - 3 potions of cancellation
 I - 7 potions of haste
 L - 7 potions of enlightenment
 P - a potion of might
Miscellaneous
 R - a lightning rod (4/4)
 S - a condenser vane


   Skills:
 - Level 25.0 Fighting
 - Level 2.3 Armour
 - Level 19.3 Dodging
 - Level 20.0 Stealth
 + Level 25.6 Unarmed Combat
 - Level 19.9 Spellcasting
 - Level 12.0 Hexes
 - Level 6.1 Translocations
 - Level 11.5 Transmutations
 - Level 18.0 Evocations
 O Level 27 Shapeshifting


You had 54 spell levels left.
You knew the following spells:

 Your Spells              Type           Power      Damage    Failure   Level
a - Wereblood             Tmut           26%        N/A       1%          2
b - Yara's Violent Unrav  Hex/Tmut       13%        3d7       1%          5
c - Blink                 Tloc           34%        N/A       1%          2
d - Lesser Beckoning      Tloc           34%        N/A       1%          2

Your spell library contained the following spells:

 Spells                   Type           Power      Damage    Failure   Level
 Apportation              Tloc           34%        N/A       1%          1
 Slow                     Hex            100%       N/A       1%          1
 Sting                    Tmut/Pois      68%        1d6       1%          1
 Passwall                 Tmut/Erth      14%        N/A       1%          2
 Confusing Touch          Hex            27%        N/A       1%          3
 Gell's Gravitas          Tloc           17%        N/A       1%          3
 Inner Flame              Hex/Fire       17%        N/A       1%          3
 Summon Guardian Golem    Hex/Summ       17%        N/A       1%          3
 Tukima's Dance           Hex            27%        N/A       1%          3
 Cause Fear               Hex            13%        N/A       1%          4
 Momentum Strike          Conj/Tloc      24%        3d8       2%          2
 Ignite Poison            Fire/Tmut/Pois 14%        N/A       3%          3
 Volatile Blastmotes      Fire/Tloc      24%        2d12      4%          3
 Anguish                  Hex/Necr       8%         N/A       4%          4
 Fulminant Prism          Conj/Hex       8%         3d7       4%          4
 Leda's Liquefaction      Hex/Erth       8%         N/A       4%          4
 Passage of Golubria      Tloc           17%        N/A       4%          4
 Petrify                  Tmut/Erth      17%        N/A       5%          4
 Foxfire                  Conj/Fire      28%        2x1d5     6%          1
 Freeze                   Ice            28%        1d5       6%          1
 Kiss of Death            Conj/Necr      28%        2d7       6%          1
 Magic Dart               Conj           28%        1d4       6%          1
 Necrotise                Necr           28%        1d5       6%          1
 Sandblast                Erth           14%        2d6       6%          1
 Shock                    Conj/Air       28%        1d4       6%          1
 Summon Small Mammal      Summ           28%        N/A       6%          1
 Call Imp                 Summ           14%        N/A       9%          2
 Cigotuvi's Dreadful Rot  Necr/Pois/Air  14%        N/A       9%          2
 Poisonous Vapours        Pois/Air       14%        N/A       9%          2
 Scorch                   Fire           14%        2d5       9%          2
 Static Discharge         Conj/Air       14%        2-3/arc   9%          2
 Irradiate                Conj/Tmut      8%         3d14      14%         5
 Metabolic Englaciation   Hex/Ice        8%         N/A       14%         5
 Summon Mana Viper        Hex/Summ       17%        N/A       14%         5
 Iskenderun's Mystic Bla  Conj/Tloc      12%        2d5       16%         4
 Vhi's Electric Charge    Tloc/Air       24%        N/A       16%         4
 Call Canine Familiar     Summ           7%         N/A       17%         3
 Hailstorm                Conj/Ice       7%         3d4       17%         3
 Mephitic Cloud           Conj/Pois/Air  7%         N/A       17%         3
 Ozocubu's Armour         Ice            7%         N/A       17%         3
 Stone Arrow              Conj/Erth      14%        3d7       17%         3
 Swiftness                Air            7%         N/A       17%         3
 Vampiric Draining        Necr           7%         2d6       17%         3
 Enfeeble                 Hex            13%        N/A       34%         7
 Summon Forest            Summ/Tloc      6%         N/A       41%         5
 Airstrike                Air            3%         2d(1-17)  50%         4
 Dispel Undead            Necr           7%         3d8       50%         4
 Olgreb's Toxic Radiance  Pois           7%         N/A       50%         4
 Sticky Flame             Conj/Fire      7%         2d3       50%         4
 Summon Lightning Spire   Summ/Air       7%         N/A       50%         4
 Dispersal                Tloc           8%         N/A       56%         6
 Eringya's Noxious Bog    Tmut/Pois      8%         4d6       63%         6
 Agony                    Necr           7%         N/A       85%         5
 Arcjolt                  Conj/Air       3%         1d13      85%         5
 Borgnjor's Vile Clutch   Necr/Erth      3%         N/A       85%         5
 Fireball                 Conj/Fire      3%         3d4       85%         5
 Freezing Cloud           Conj/Ice/Air   3%         6-21      85%         5
 Iskenderun's Battlesphe  Conj           7%         2d6       85%         5
 Lee's Rapid Deconstruct  Erth           3%         3d5*      85%         5
 Discord                  Hex            13%        N/A       95%         8
 Conjure Ball Lightning   Conj/Air       3%         3x3d6     100%        6
 Death Channel            Necr           3%         N/A       100%        6
 Leda's Unmaking          Conj/Erth      3%         9d1       100%        6
 Plasma Beam              Fire/Air       3%         2x1d13    100%        6
 Starburst                Conj/Fire      3%         6d3       100%        6
 Summon Cactus Giant      Summ           3%         N/A       100%        6
 Haunt                    Necr/Summ      3%         N/A       100%        7
 Malign Gateway           Summ/Tloc      6%         N/A       100%        7
 Orb of Destruction       Conj           3%         9d5       100%        7
 Ozocubu's Refrigeration  Ice            3%         4d8       100%        7
 Spellforged Servitor     Conj/Summ      3%         N/A       100%        7
 Summon Hydra             Summ           3%         N/A       100%        7
 Borgnjor's Revivificati  Necr           3%         N/A       100%        8
 Disjunction              Tloc           8%         N/A       100%        8
 Ignition                 Fire           3%         3d4       100%        8
 Infestation              Necr           3%         N/A       100%        8
 Summon Horrible Things   Summ           3%         N/A       100%        8
 Death's Door             Necr           3%         N/A       100%        9
 Dragon's Call            Summ           3%         N/A       100%        9
 Fire Storm               Conj/Fire      3%         8d1       100%        9
 Polar Vortex             Ice            3%         N/A       100%        9
 Sublimation of Blood     Necr           Unusable   N/A       N/A         2
 Animate Dead             Necr           Unusable   N/A       N/A         4
 Simulacrum               Ice/Necr       Unusable   N/A       N/A         6

Dungeon Overview and Level Annotations

Branches:
Dungeon (15/15)            Temple (0/1) D:4            Lair (5/5) D:11
  Swamp (4/4) Lair:2        Snake (4/4) Lair:2        Slime (5/5) Lair:5
    Orc (2/2) D:11            Elf (3/3) Orc:2        Vaults (5/5) D:13
  Crypt (3/3) Vaults:3       Tomb (0/3) Crypt:3      Depths (4/4) D:15
    Zot (5/5) Depths:4      Sewer (visited)          Bailey (visited)

Altars:
Ashenzari
Cheibriados
Gozag
Hepliaklqana
Kikubaaqudgha
Makhleb
Qazlal
Wu Jian
Zin

Shops:
D:12 :   Orc:2 *?[:(   Elf:1 =:[=!   Elf:3 :   Snake:1 ?   Snake:3 =*:=
Snake:4 *   Vaults:5 =   Crypt:2 =   Depths:1 :   Depths:2 ?

Portals:
Hell: Depths:1 Depths:2 Depths:3 Depths:4
Abyss: Depths:1 Depths:3 Depths:4
Pandemonium: Depths:2 Depths:3


Innate Abilities, Weirdness & Mutations

You are a lightning-filled tempest!
Your electrical attacks strike out in all directions at once.
You are incredibly evasive.
Your insubstantial body is immune to petrification, constriction, and being set on fire You are flying.
Your armour is entirely melded.
You are incapable of wielding weapons or throwing items.
You are immune to poison.
((You are very nimble when in or above water. (Stealth+, EV+, Speed+++)))
((Your lower body shifts to a powerful aquatic tail in water.))
((You have very sharp fingernails.))
You sometimes lose your temper in combat.
((Armour fits poorly on your strangely shaped body.))
You are dopey. (Int -2)
Your magical capacity is low. (-10% MP)
You expend magic power (3 MP) to strengthen your wands.


Message History

You fly upwards.
There is a stone staircase leading down here.
Unknown command.
A Brimstone Fiend comes into view.
Unknown command.
You blast the Brimstone Fiend!!!!
You kill the Brimstone Fiend!
No target in view!
No target in view!
You now have 9015 gold pieces (gained 18).
Unknown command.
An Orb Guardian comes into view.
Unknown command.
You blast the Orb Guardian!!!
Lightning courses through the Orb Guardian!!
Your punch misses the Orb Guardian.
The Orb Guardian is almost dead.
You blast the Orb Guardian!!!!
You kill the Orb Guardian!
No target in view!
Unknown command.
There is a stone staircase leading up here.
You fly upwards.
There is a stone staircase leading down here.
Unknown command.
Things that are here:
a +0 dagger; a +0 club An Orb Guardian comes into view.
You barely miss the Orb Guardian.
The Orb Guardian hits you but does no damage.
You barely miss the Orb Guardian. Your punch misses the Orb Guardian.
You batter the Orb Guardian!! You punch the Orb Guardian.
The Orb Guardian is moderately wounded.
The Orb Guardian completely misses you.
You blast the Orb Guardian!!!!
You kill the Orb Guardian!
No target in view!
There is a staircase leading out of the dungeon here.
Unknown command.
You have escaped!

#.##########.## ##
#.#. #.### #.# ###
#.#. #.####
##.#### #.#'
#..#### ###.####
#...
##.######.#.###
#... #...#####.###
####...
####..###.####
#......
###..~~##∩#
#......
#v##~~..####......
####.###..##......
###.#####...###..
###.#.######.# #..
####.########.#
#..
####.##.....##.#
### ###
#.#..###..#.# #
#...## ##...#
##### #####


There were no monsters in sight!

Vanquished Creatures
  the Royal Jelly (Slime:5)
  A pandemonium lord (Zot:3)
  4 dread liches
  Mara (Vaults:2)
  3 ancient liches
  5 orbs of fire
  A juggernaut (shapeshifter) (Vaults:5)
  A juggernaut (Depths:3)
  Parghit (Zot:4)
  2 shard shrikes
  A Killer Klown (Zot:5)
  Margery (Vaults:3)
  A caustic shrike (Depths:3)
  4 curse toes
  Nikola (Vaults:1)
  9 golden dragons
  Jory (Vaults:5)
  4 electric golems
  A Brimstone Fiend (D:2)
  2 doom hounds (Zot:4)
  A Hell Sentinel (Depths:1)
  2 Tzitzimimeh (Zot:4)
  25 tentacled monstrosities
  3 hellephants
  12 Orb Guardians
  The ghost of Roffer the Warrior, an adept DsGl of Cheibriados (Depths:1)
  3 Ice Fiends
  Rupert (Lair:5)
  A walking crystal tome (Depths:2)
  A shard shrike skeleton (Crypt:3)
  2 deep elf blademasters (Elf:3)
  5 liches
  7 titans
  2 searing wretches (Zig:6)
  A deep elf master archer (Elf:3)
  2 quicksilver dragons
  2 sphinxes
  Grunn (Zot:4)
  22 acid blobs
  The ghost of Konionua the Bewitcher, an adept KoEn of Dithmenos (Vaults:1)
  4 death cobs
  A tentacled starspawn (Zig:4)
  5 thorn hunters
  14 ancient champions
  10 tengu reavers
  Kirke (D:13)
  Donald (Vaults:1)
  12 shadow dragons
  14 azure jellies
  6 draconian monks
  6 nagarajas (Snake:4)
  Aizul (Vaults:2)
  2 revenants
  The ghost of Eshruez the Eclecticist, an adept DEIE of Ashenzari (Snake:1)
  19 storm dragons
  9 draconian knights
  18 rockslimes
  2 narguns (Zig:8)
  A fenstrider witch (Swamp:1)
  Louise (Depths:4)
  19 vault wardens
  15 frost giants
  2 iron dragons
  4 deep elf elementalists (Elf:3)
  A curse skull (Crypt:3)
  4 deep elf sorcerers
  14 fire giants
  8 draconian scorchers
  A ghost moth (Zot:5)
  7 draconian shifters
  2 balrugs
  4 war gargoyles
  6 draconian stormcallers
  28 very ugly things
  A demonspawn blood saint (Zig:2)
  18 ironbound preservers
  6 draconian annihilators
  An orc warlord (Vaults:2)
  13 formless jellyfish
  A reaper (Depths:2)
  8 caustic shrike skeletons (Crypt:3)
  27 stone giants
  13 quicksilver oozes
  A formless jellyfish (shapeshifter) (Vaults:5)
  A lorocyproca (Zot:1)
  2 eleionomae
  5 vampire knights
  11 white draconians
  Nessos (Lair:4)
  3 deep elf demonologists
  7 dire elephants (Vaults:2)
  18 black draconians
  A wendigo (Zig:8)
  13 yellow draconians
  12 green draconians
  14 purple draconians
  13 red draconians
  6 ironbound thunderhulks
  5 bunyips
  A putrid mouth (Zot:4)
  7 deep elf annihilators
  3 blizzard demons
  Snorg (D:13)
  7 spark wasps
  Josephine (Lair:5)
  16 ettins
  8 eidola
  15 jiangshi
  A quicksilver dragon zombie (Depths:2)
  3 spriggan zombies
  35 vault guards
  15 yaktaur captains
  21 great orbs of eyes
  A shambling mangrove (Swamp:4)
  10 fire dragons
  6 deep elf high priests
  9 deep elf death magi
  A merfolk impaler (Depths:1)
  7 ice dragons
  2 fenstrider witch zombies (Crypt:1)
  4 rakshasas
  2 peacekeepers
  7 alligators
  3 boulder beetles
  7 death knights
  2 sphinx zombies
  An ogre mage (D:15)
  3 spriggan air magi
  13 ironbound frosthearts
  4 spriggan skeletons
  16 hydras
  18 centaur warriors
  9 anacondas
  34 dancing weapons
  3 ghost crabs
  4 catoblepae
  10 two-headed ogres
  7 deep troll earth magi
  14 naga warriors
  7 death yaks
  7 deep troll shamans
  2 soul eaters
  5 orc high priests (Orc:2)
  12 naga sharpshooters
  11 vampire magi
  5 tengu warriors
  10 hell knights
  2 sun demons
  3 spriggan berserkers
  19 deep elf knights
  7 iron trolls
  2 skysharks (Lair:5)
  A titan skeleton (Crypt:3)
  5 shock serpents
  A wretched star (Zig:4)
  A fire crab (Lair:1)
  4 salamander mystics
  46 skeletal warriors
  3 storm dragon skeletons (Crypt:3)
  5 goliath frogs
  A death drake (Swamp:3)
  A bunyip skeleton (Crypt:3)
  3 naga ritualists
  10 glowing orange brains
  A sea snake (shapeshifter) (Vaults:5)
  9 sea snakes (Snake:4)
  66 deep trolls
  A spark wasp zombie (Depths:2)
  A goliath frog (shapeshifter) (Vaults:5)
  5 spriggan druids
  A bunyip zombie (Crypt:1)
  4 flayed ghosts
  A quicksilver dragon simulacrum (Depths:1)
  15 bog bodies
  10 swamp dragons
  An orb spider (shapeshifter) (D:11)
  10 deep elf archers
  4 wizards
  2 obsidian statues (Zig:6)
  2 orange crystal statues (Zig:6)
  17 ironbound convokers
  14 phantasmal warriors
  A spriggan simulacrum (Crypt:3)
  A large abomination (Zig:4)
  25 deep elf zephyrmancers
  Pikel (D:8)
  9 mana vipers
  12 lindwurms
  29 deep elf pyromancers
  A sphinx simulacrum (Depths:1)
  A wolf spider (Zig:9)
  14 necromancers
  12 orc knights
  A golden dragon skeleton (Crypt:1)
  7 cyclopes
  2 orc sorcerers
  26 ugly things
  4 manticores
  14 shining eyes
  A stone giant zombie (Crypt:3)
  A jorogumo skeleton (Crypt:1)
  2 will-o-the-wisps
  8 salamanders
  A shadow dragon skeleton (Depths:2)
  29 moths of wrath
  8 elephants (Lair:5)
  6 guardian serpents
  25 black mambas
  5 centaur skeletons
  Joseph (D:8)
  19 naga magi
  A smoke demon (Zig:4)
  17 vault sentinels
  A frost giant skeleton (Zig:1)
  An orange demon (Zot:3)
  2 torpor snails
  3 eyes of devastation
  16 cane toads
  2 gargoyles
  A titan simulacrum (Depths:1)
  A dire elephant skeleton (Crypt:1)
  3 rime drakes
  2 efreet (Zot:4)
  5 kobold demonologists
  An unseen horror (D:12)
  2 hellions
  13 komodo dragons
  56 yaktaurs
  2 tormentors
  5 freezing wraiths
  6 tengu conjurers
  A golden dragon simulacrum (Depths:2)
  An ice devil (Depths:1)
  An ancient zyme (Zig:4)
  A human skeleton (Vaults:4)
  A spectral salamander (Snake:1)
  14 trolls
  2 queen bees (shapeshifter)
  A meliai (shapeshifter) (Vaults:5)
  A red devil (D:9)
  A tengu simulacrum (Vaults:4)
  4 polar bears (Lair:5)
  Prince Ribbit (D:5)
  6 tyrant leeches
  12 hornets
  3 raiju
  A shadow dragon simulacrum (Depths:1)
  2 harpy skeletons
  7 blink frogs
  7 dream sheep
  A great orb of eyes zombie (Crypt:1)
  A raiju (shapeshifter) (D:14)
  A stone giant simulacrum (Depths:1)
  128 slime creatures
  A fire giant simulacrum (Depths:1)
  A spectral black mamba (Snake:1)
  12 wraiths
  2 ettin skeletons (Crypt:3)
  A guardian serpent skeleton (Crypt:3)
  A jumping spider (shapeshifter) (Zig:9)
  2 shadows
  A centaur simulacrum (Crypt:3)
  7 flying skulls
  25 spriggans
  13 water elementals
  3 wyverns
  5 air elementals
  39 yaks
  2 vampires
  7 golden eyes (Depths:1)
  3 fire elementals (Elf:3)
  2 hogs
  A black mamba skeleton (Crypt:3)
  8 fire bats
  3 basilisks
  A yaktaur simulacrum (Vaults:2)
  3 steam dragons
  8 vampire mosquitoes
  Menkaure (D:4)
  A demonspawn zombie (Crypt:3)
  3 wargs
  3 acid dragons
  13 swamp worms
  2 hydra simulacra (Zot:1)
  55 nagas
  A cane toad zombie (Crypt:2)
  11 water moccasins
  Duvessa (D:4)
  An ogre skeleton (Vaults:4)
  A floating eye (Depths:3)
  3 human zombies
  A spectral naga (Snake:1)
  8 swamp drakes
  2 sky beasts (D:8)
  41 orc warriors
  A black mamba simulacrum (Snake:1)
  An ettin simulacrum (Vaults:4)
  2 ice beasts
  2 snapping turtle zombies
  A meliai simulacrum (D:11)
  3 black bears
  11 boggarts
  26 wolves
  6 centaurs
  8 ogres
  A hog zombie (Crypt:2)
  A lemure (D:7)
  2 phantoms
  9 kobold brigands
  13 bullfrogs
  4 earth elementals
  A scorpion (shapeshifter) (D:11)
  6 scorpions
  2 ogre simulacra
  21 wights
  Dowan (D:4)
  A yak zombie (Crypt:3)
  4 vampire bats (Orc:2)
  11 electric eels
  8 howler monkeys
  A bullfrog zombie (Crypt:3)
  2 centaur zombies
  A hound (D:4)
  31 orc priests
  2 gnoll boudas
  2 jellies (D:5)
  Ijyb (D:5)
  3 sleepcaps
  4 iguanas
  23 orc wizards
  A boggart skeleton (Crypt:2)
  7 hell rats
  A spectral killer bee (D:9)
  An acid dragon zombie (Crypt:2)
  A hound zombie (Crypt:2)
  A mummy (Zig:1)
  9 adders
  18 gnolls
  3 howler monkey skeletons
  6 naga simulacra (Snake:1)
  3 river rats
  A white imp (D:5)
  An ufetubus (D:5)
  An iguana zombie (Crypt:1)
  4 worms (Sewer)
  6 dart slugs
  82 orcs
  8 endoplasms
  3 giant cockroaches
  20 goblins
  8 hobgoblins
  3 jackals (D:4)
  3 quokkas
  10 ball pythons
  6 bats (Orc:2)
  5 frilled lizards
  A frilled lizard skeleton (Crypt:2)
  A gnoll skeleton (Crypt:2)
  18 kobolds
  10 rats
  A rat skeleton (Crypt:1)
  A river rat skeleton (Crypt:1)
  A starspawn tentacle (Zig:4)
2616 creatures vanquished.

Vanquished Creatures (collateral kills)
  2 dread liches (Zot:5)
  An orb of fire (Zot:5)
  A Killer Klown (Zot:5)
  A curse toe (Zot:5)
  9 Orb Guardians (Zot:5)
  An acid blob (Slime:5)
  A quicksilver dragon (Zot:5)
  A rockslime (Slime:5)
  A ghost moth (Zot:5)
  A green draconian (Zot:5)
  A stone giant (Vaults:5)
  2 white draconians (Zot:5)
  A moth of wrath (Zot:5)
  A steam dragon (D:8)
24 creatures vanquished.

Vanquished Creatures (others)
  A tentacled monstrosity (Zot:5)
  3 Orb Guardians (Zot:5)
  An ironbound thunderhulk (Vaults:4)
  A black draconian (Zot:5)
  A deep elf knight (Elf:1)
  A shadow wraith (Vaults:5)
  A wizard (D:11)
  An ugly thing (Depths:3)
  An unseen horror zombie (D:9)
  An elf zombie (Vaults:4)
  A bloated husk (Swamp:1)
  An air elemental (Elf:1)
  3 humans (D:13)
  A boggart (Vaults:1)
  An orc (Vaults:5)
  6 foxfires
25 creatures vanquished.

Grand Total: 2665 creatures vanquished

Notes
Turn   | Place    | Note
-------+----------+-------------------------------------------
     0 | D:1      | Zonian the Merfolk Shapeshifter began the quest for the
                  | Orb.
     0 | D:1      | Reached XP level 1. HP: 15/15 MP: 1/1
   106 | D:1      | Reached XP level 2. HP: 21/21 MP: 2/2
   341 | D:1      | Reached XP level 3. HP: 24/27 MP: 3/3
  1298 | D:3      | Found an opulent altar of Gozag.
  1307 | D:3      | Became a worshipper of Gozag Ym Sagoz the Greedy
  1400 | D:3      | Reached XP level 4. HP: 23/33 MP: 4/4
  1735 | D:4      | Noticed Menkaure
  1742 | D:4      | Killed Menkaure
  1743 | D:4      | Reached XP level 5. HP: 36/41 MP: 5/5
  1746 | D:4      | Reached skill level 5 in Shapeshifting
  1754 | D:4      | Noticed Duvessa
  1759 | D:4      | Reached XP level 6. HP: 47/47 MP: 6/6
  1762 | D:4      | Noticed Dowan
  1763 | D:4      | Killed Duvessa
  1771 | D:4      | Killed Dowan
  1772 | D:4      | Reached skill level 5 in Dodging
  1801 | D:4      | Reached skill level 5 in Unarmed Combat
  1801 | D:4      | Reached XP level 7. HP: 52/53 MP: 7/7
  2032 | D:4      | Found a hazy altar of Hepliaklqana.
  2619 | D:4      | Found a staircase to the Ecumenical Temple.
  2740 | D:5      | Entered Level 5 of the Dungeon
  2766 | D:5      | Reached skill level 6 in Shapeshifting
  2771 | D:5      | Noticed Ijyb
  2779 | D:5      | Killed Ijyb
  2880 | D:5      | Found a glowing drain.
  2890 | Sewer    | Entered a sewer
  3146 | Sewer    | Reached XP level 8. HP: 57/61 MP: 8/8
  3281 | Sewer    | Reached skill level 5 in Fighting
  3852 | D:5      | Noticed Prince Ribbit
  3863 | D:5      | Killed Prince Ribbit
  3864 | D:5      | Reached skill level 7 in Shapeshifting
  4014 | D:5      | Reached XP level 9. HP: 69/69 MP: 9/9
  4717 | D:6      | Found a broken altar of Ashenzari.
  4762 | D:6      | Found a glowing silver altar of Zin.
  4762 | D:6      | Found a burning altar of Makhleb.
  4763 | D:6      | Noticed a balrug
  4763 | D:6      | Noticed an angel
  5622 | D:7      | Reached skill level 8 in Shapeshifting
  6006 | D:7      | Found a flagged portal.
  6021 | Bailey   | Entered a bailey
  6172 | Bailey   | Noticed a kobold demonologist
  6191 | Bailey   | Killed a kobold demonologist
  6192 | Bailey   | Reached XP level 10. HP: 40/80 MP: 10/10
  6593 | Bailey   | Found an iron altar of Okawaru.
  6593 | Bailey   | Noticed a kobold demonologist
  6594 | Bailey   | Noticed an orange demon
  6598 | Bailey   | Noticed a rust devil
  6619 | Bailey   | Gained mutation: You do not regenerate when monsters are
                  | visible. [a neqoxec]
  6675 | Bailey   | Reached skill level 9 in Shapeshifting
  7259 | Bailey   | Killed a kobold demonologist
  7260 | Bailey   | Reached skill level 10 in Dodging
  7291 | Bailey   | Acquired a manual of Shapeshifting
  8047 | D:8      | Noticed Pikel
  8817 | D:8      | Noticed Joseph
  8837 | D:8      | Killed Joseph
  8838 | D:8      | Reached skill level 1 in Stealth
  9009 | D:8      | Killed Pikel
  9010 | D:8      | Reached skill level 10 in Shapeshifting
 10073 | D:8      | Found an ornate altar of the Wu Jian Council.
 10316 | D:9      | Noticed a kobold demonologist
 10316 | D:9      | Noticed a kobold demonologist
 10317 | D:9      | Noticed a kobold demonologist
 11120 | D:9      | Lost mutation: You do not regenerate when monsters are
                  | visible. [potion of mutation]
 11120 | D:9      | Gained mutation: You sometimes lose your temper in combat.
                  | [potion of mutation]
 11130 | D:9      | Reached XP level 11. HP: 87/89 MP: 11/11
 11180 | D:9      | Found a stormy altar of Qazlal.
 11592 | D:9      | Reached skill level 11 in Shapeshifting
 11960 | D:10     | Entered Level 10 of the Dungeon
 12043 | D:10     | Reached skill level 10 in Unarmed Combat
 12549 | D:10     | Identified the +7 scimitar of Ignis's Envy {flame, Int+2}
 13005 | D:11     | Reached skill level 5 in Stealth
 13386 | D:11     | Reached skill level 12 in Shapeshifting
 13497 | D:11     | Found a staircase to the Lair.
 13564 | D:11     | Reached skill level 10 in Fighting
 13567 | D:11     | Noticed a manticore
 13576 | D:11     | Killed a manticore
 13685 | D:11     | Noticed an orb spider
 13699 | D:11     | Killed an orb spider
 13731 | D:11     | Noticed a red ugly thing
 13739 | D:11     | Killed a red ugly thing
 13846 | D:11     | Got the Octavo of Virous Reconstruction
 13986 | D:11     | Noticed a centaur warrior
 14002 | D:11     | Killed a centaur warrior
 14003 | D:11     | Reached XP level 12. HP: 98/98 MP: 12/12
 14127 | D:11     | Reached skill level 13 in Shapeshifting
 14184 | D:11     | Found a staircase to the Orcish Mines.
 14384 | Lair:1   | Entered Level 1 of the Lair of Beasts
 15150 | Lair:1   | Noticed an anaconda
 15150 | Lair:1   | Noticed an alligator
 15217 | Lair:1   | Killed an alligator
 15232 | Lair:1   | Killed an anaconda
 15233 | Lair:1   | Reached skill level 14 in Shapeshifting
 15425 | Lair:1   | Noticed a death yak
 16176 | Lair:1   | Killed a death yak
 16455 | Lair:1   | Found the +7 captain's cutlass {speed, disarm}
 16455 | Lair:1   | Noticed an eight-headed hydra
 16461 | Lair:1   | Killed an eight-headed hydra
 16985 | Lair:1   | Lost mutation: You sometimes lose your temper in combat.
                  | [potion of mutation]
 16985 | Lair:1   | Gained mutation: You have hidden genetic potential. [potion
                  | of mutation]
 16985 | Lair:1   | Gained mutation: You are partially covered in iridescent
                  | scales. (AC +2) [potion of mutation]
 16985 | Lair:1   | Gained mutation: Your muscles are strong. (Str +4, Int/Dex
                  | -1) [potion of mutation]
 16985 | Lair:1   | Gained mutation: You have supernaturally acute eyesight.
                  | (SInv) [potion of mutation]
 17356 | Lair:2   | Found a staircase to the Snake Pit.
 17406 | Lair:2   | Noticed a four-headed hydra
 17455 | Lair:1   | Reached XP level 13. HP: 76/107 MP: 13/13
 17994 | Lair:1   | Reached skill level 15 in Shapeshifting
 18848 | Lair:2   | Reached skill level 10 in Stealth
 19920 | Lair:2   | Found a staircase to the Swamp.
 19954 | Lair:2   | Reached skill level 16 in Shapeshifting
 20512 | Lair:2   | Gained mutation: Your muscles are very strong. (Str +8,
                  | Int/Dex -2) [hidden potential]
 21278 | Lair:2   | Identified the +5 spear of Chance {speed, *Rage rF+++ rCorr
                  | Dex-3}
 21961 | Snake:1  | Entered Level 1 of the Snake Pit
 22499 | Lair:3   | Reached skill level 1 in Evocations
 23243 | Lair:4   | Noticed Nessos
 24065 | Lair:3   | Reached XP level 14. HP: 91/118 MP: 14/14
 24643 | Lair:3   | Reached skill level 17 in Shapeshifting
 24918 | Lair:4   | Killed Nessos
 25084 | Lair:4   | Identified the +6 scimitar "Dacomoys" {flame, Dex+7}
 25168 | Lair:4   | Found a snail-covered altar of Cheibriados.
 26082 | Lair:5   | Entered Level 5 of the Lair of Beasts
 26086 | Lair:5   | Noticed Rupert
 26729 | Lair:5   | Gained mutation: You have sharp fingernails. [hidden
                  | potential]
 26729 | Lair:5   | Lost mutation: You have hidden genetic potential. [hidden
                  | potential expressed]
 26967 | Lair:5   | Found a staircase to the Slime Pits.
 27013 | Lair:5   | Noticed Josephine
 27026 | Lair:5   | Killed Josephine
 27033 | Lair:5   | Reached skill level 5 in Evocations
 27613 | Lair:5   | Identified the amulet "Uluba" {Spirit Fly rElec}
 29019 | Lair:5   | Paralysed by a hornet for 1 turns
 29417 | Lair:5   | Killed Rupert
 29418 | Lair:5   | Reached XP level 15. HP: 96/127 MP: 15/15
 30175 | D:12     | Reached skill level 15 in Unarmed Combat
 32344 | D:13     | Found a gate to the Vaults.
 32383 | D:13     | Reached skill level 1 in Spellcasting
 32445 | D:13     | Reached skill level 15 in Fighting
 33075 | D:13     | Identified the +3 quarterstaff of Lirgh {heavy, rC+ Int+2
                  | Dex-2}
 33075 | D:13     | Noticed Kirke
 33245 | D:13     | Noticed Snorg
 33270 | D:13     | Noticed a sphinx
 33273 | D:13     | Killed Kirke
 33280 | D:13     | Killed Snorg
 35180 | D:14     | Identified the ring of Waujits {Ice Will++ MP-9 Str+3}
 35873 | D:15     | Entered Level 15 of the Dungeon
 36134 | D:15     | Found a staircase to the Depths.
 37443 | Orc:1    | Entered Level 1 of the Orcish Mines
 37742 | Orc:2    | Entered Level 2 of the Orcish Mines
 37759 | Orc:2    | Found a staircase to the Elven Halls.
 37772 | Orc:2    | Found Erak's Antique Armour Shoppe.
 38341 | Orc:2    | Reached XP level 16. HP: 94/137 MP: 18/22
 38365 | Orc:2    | Learned a level 2 spell: Wereblood
 38631 | Orc:2    | Reached skill level 1 in Transmutations
 39843 | Orc:2    | Found Kecun's Magic Scroll Boutique.
 39846 | Orc:2    | Found Sofrod's Book Shop.
 39847 | Orc:2    | Found Hiown's General Store.
 39848 | Orc:2    | Found Bediuci's Antique Weapon Boutique.
 39852 | Orc:2    | Bought 3 scrolls of fear for 156 gold pieces
 39856 | Orc:2    | Bought a scroll of silence for 114 gold pieces
 39856 | Orc:2    | Bought a scroll of fear for 48 gold pieces
 40805 | Orc:1    | Upgraded the game from 0.31-a0-596-g831eee08f1 to
                  | 0.31-a0-609-g7bf6ffcfed
 42468 | Orc:2    | Learned a level 5 spell: Yara's Violent Unravelling
 42802 | Snake:1  | Reached skill level 1 in Armour
 43278 | Snake:1  | Found a runed translucent gate.
 43278 | Snake:1  | Found a runed translucent gate.
 43279 | Snake:1  | Found a runed translucent gate.
 43282 | Snake:1  | Noticed Eshruez's ghost (adept DEIE)
 43584 | Snake:1  | Bought a scroll of teleportation for 39 gold pieces
 43584 | Snake:1  | Bought a scroll of blinking for 97 gold pieces
 43584 | Snake:1  | Bought a scroll of teleportation for 39 gold pieces
 43651 | Snake:2  | Reached skill level 1 in Hexes
 44506 | Snake:2  | Reached skill level 5 in Transmutations
 47477 | Snake:3  | Found a glowing silver altar of Zin.
 47502 | Snake:3  | Reached skill level 5 in Spellcasting
 48141 | Snake:3  | Found Jeidghorgh's Jewellery Boutique.
 48143 | Snake:3  | Found Woev's Book Emporium.
 48144 | Snake:3  | Found Ekhlidgh's Jewellery Boutique.
 48150 | Snake:3  | Bought a dragon-blood talisman for 1200 gold pieces
 48739 | Snake:3  | Reached XP level 17. HP: 145/145 MP: 24/24
 49871 | Snake:4  | Entered Level 4 of the Snake Pit
 49885 | Snake:4  | Found Cieghoc's Gadget Gallery.
 49892 | Snake:4  | Bought a wand of roots (3) for 151 gold pieces
 49892 | Snake:4  | Bought a wand of roots (8) for 403 gold pieces
 50083 | Snake:4  | Identified the ring of the Will of the Gods {rCorr MP+9}
 50632 | Snake:4  | Reached skill level 18 in Shapeshifting
 52556 | Snake:4  | Got a serpentine rune of Zot
 52781 | Swamp:1  | Entered Level 1 of the Swamp
 52805 | Swamp:1  | Reached skill level 15 in Dodging
 54024 | Swamp:1  | Reached XP level 18. HP: 156/156 MP: 29/29
 55106 | Swamp:2  | Identified the +0 chain mail of Vogaoh {Harm rF+ Will-
                  | rCorr}
 55129 | Swamp:2  | Noticed a tentacled monstrosity
 55135 | Swamp:2  | Killed a tentacled monstrosity
 55268 | Swamp:2  | Identified the +6 rapier of Dithmenos's Wrath {flame, rN+
                  | Int+2 Stlth+}
 56268 | Swamp:3  | Identified the +0 scale mail "Plog" {Drain rF++ rC++}
 57337 | Swamp:4  | Entered Level 4 of the Swamp
 59089 | Swamp:4  | Reached skill level 10 in Evocations
 59772 | Swamp:4  | Got a decaying rune of Zot
 59867 | Swamp:4  | Learned a level 2 spell: Blink
 60164 | Elf:1    | Entered Level 1 of the Elven Halls
 60260 | Elf:1    | Reached skill level 1 in Translocations
 60399 | Elf:1    | Got the Precepts of Hurting
 60438 | Elf:1    | Found Ihoemoit's Distillery.
 60447 | Elf:1    | Bought a potion of curing for 57 gold pieces
 60447 | Elf:1    | Bought a potion of might for 76 gold pieces
 60447 | Elf:1    | Bought 2 potions of curing for 114 gold pieces
 60478 | Elf:1    | Found Horcha Detikh's Armour Shop.
 60529 | Elf:1    | Paralysed by an orc sorcerer for 4 turns
 60657 | Elf:1    | Found Feuzuel's Jewellery Shoppe.
 60661 | Elf:1    | Bought the ring "Cuecali" {rC+ Str+6 Int+3} for 788 gold
                  | pieces
 60742 | Elf:1    | Noticed a walking crystal tome
 60784 | Elf:1    | Found Zeuph's Book Shop.
 60784 | Elf:1    | Noticed a walking divine tome
 60829 | Elf:1    | Reached XP level 19. HP: 165/165 MP: 31/31
 60900 | Elf:1    | Found Bocustron's Jewellery Shop.
 60949 | Elf:1    | Found the +8 autumn katana {manifold assault}
 61610 | Elf:2    | Paralysed by an air elemental for 1 turns
 62340 | Elf:2    | Found a runed translucent gate.
 62341 | Elf:2    | Found a runed translucent gate.
 62341 | Elf:2    | Found a runed translucent gate.
 62673 | Elf:3    | Entered Level 3 of the Elven Halls
 62868 | Elf:3    | Found Impe's Book Shop.
 63560 | Elf:3    | Found an ancient bone altar of Kikubaaqudgha.
 63862 | Elf:1    | Acquired 1060 gold pieces
 64264 | Elf:3    | Paralysed by an air elemental for 1 turns
 64269 | Elf:3    | Paralysed by an air elemental for 1 turns
 64455 | Elf:3    | Identified the ring of the Sky {rC+ MP+9}
 65597 | Elf:3    | Got Athufops's Anthology of Incendiary Transportation
 65605 | Elf:3    | Reached skill level 10 in Spellcasting
 65679 | Elf:3    | Acquired a manual of Unarmed Combat
 65768 | Elf:3    | Identified the ring of Got Wopy {rC+ rN++}
 65786 | Elf:3    | Got the Atlas of Nocuous Accelerants
 65799 | Elf:3    | Got Osysk's Omnibus of Sidekicks
 65819 | Elf:3    | Identified the +1 scimitar "Qoemaihu" {protect, Int+2 SInv
                  | Stlth+}
 66336 | Vaults:1 | Entered Level 1 of the Vaults
 66374 | Vaults:1 | Found a flickering gateway to a bazaar.
 66395 | Bazaar   | Entered a bazaar
 66403 | Bazaar   | Found Facehuap's Book Boutique.
 66403 | Bazaar   | Found Lumpyidev's Armour Shop.
 66470 | Bazaar   | Found Dunlor's Distillery.
 66470 | Bazaar   | Found Kupnouc's Assorted Antiques.
 66483 | Bazaar   | Bought a granite ring for 80 gold pieces
 66489 | Bazaar   | Bought a potion of curing for 39 gold pieces
 66489 | Bazaar   | Bought a potion of curing for 39 gold pieces
 66489 | Bazaar   | Bought a potion of berserk rage for 65 gold pieces
 66489 | Bazaar   | Bought a potion of enlightenment for 65 gold pieces
 66489 | Bazaar   | Bought a potion of heal wounds for 65 gold pieces
 66675 | Vaults:1 | Noticed Donald
 66688 | Vaults:1 | Killed Donald
 66699 | Vaults:1 | Noticed Aizul
 66734 | Vaults:1 | Reached XP level 20. HP: 142/168 MP: 32/34
 67061 | Vaults:1 | Found a runed translucent door.
 67063 | Vaults:1 | Noticed Konionua's ghost (adept KoEn)
 68260 | Vaults:1 | Noticed Nikola
 68264 | Vaults:1 | Killed Nikola
 69995 | Vaults:3 | Found a staircase to the Crypt.
 70572 | Vaults:2 | Noticed Margery
 70815 | Vaults:2 | Identified the ring of Bumpin {MP+9 Slay+4}
 70821 | Vaults:3 | Killed Margery
 71668 | Vaults:2 | Reached skill level 5 in Translocations
 72078 | Vaults:2 | Reached XP level 21. HP: 180/180 MP: 37/37
 72090 | Vaults:2 | Reached skill level 5 in Hexes
 72100 | Vaults:2 | Killed Aizul
 72463 | Vaults:2 | Noticed Mara
 72467 | Vaults:2 | Killed Mara
 73226 | Vaults:2 | Reached skill level 19 in Shapeshifting
 73226 | Vaults:2 | Upgraded the game from 0.31-a0-609-g7bf6ffcfed to
                  | 0.31-a0-618-g7ca08c1ff9
 75186 | Vaults:4 | Reached skill level 20 in Shapeshifting
 75751 | Vaults:4 | Reached skill level 10 in Transmutations
 76146 | Vaults:4 | Reached XP level 22. HP: 188/188 MP: 38/38
 76514 | Vaults:4 | Noticed an ancient lich
 76524 | Vaults:4 | Killed an ancient lich
 77060 | Vaults:4 | Identified the +2 spear "Uffocrog" {heavy, Dex+3}
 77871 | Vaults:4 | Found a gateway to a bazaar.
 77878 | Bazaar   | Entered a bazaar
 78031 | Bazaar   | Found Ymiurun's General Store.
 78035 | Bazaar   | Bought a potion of curing for 33 gold pieces
 78035 | Bazaar   | Bought a potion of cancellation for 88 gold pieces
 78035 | Bazaar   | Bought a wand of roots (4) for 105 gold pieces
 78035 | Bazaar   | Bought a potion of might for 44 gold pieces
 78035 | Bazaar   | Found Buamesy's Magic Scroll Boutique.
 78035 | Bazaar   | Found Meczukh's Antique Armour Boutique.
 78035 | Bazaar   | Found Ymatub's Armour Boutique.
 78059 | Bazaar   | Bought a scroll of fear for 40 gold pieces
 78059 | Bazaar   | Bought a scroll of blinking for 75 gold pieces
 78059 | Bazaar   | Bought a scroll of summoning for 95 gold pieces
 78659 | Snake:1  | Killed Eshruez's ghost
 79912 | Vaults:1 | Killed Konionua's ghost
 79914 | Vaults:1 | Got Bestri's Octavo of Frostbite and Spectres
 79933 | Vaults:1 | Upgraded the game from 0.31-a0-618-g7ca08c1ff9 to
                  | 0.31-a0-620-gd1cbd99268
 80142 | Elf:1    | Bought the ring of Kogepur {rElec rF+ MP+9 Str-3 Slay+5}
                  | for 779 gold pieces
 80497 | Vaults:5 | Entered Level 5 of the Vaults
 80500 | Vaults:5 | Noticed Jory
 80504 | Vaults:5 | Reached skill level 21 in Shapeshifting
 81370 | Vaults:5 | Identified the ring of Arofush {rN+ Dex+3}
 81405 | Vaults:5 | Reached skill level 10 in Hexes
 81434 | Vaults:5 | Killed Jory
 81590 | Vaults:5 | Noticed a golden dragon
 81821 | Vaults:5 | Identified the +3 quarterstaff "Iqirayn" {pain, *Corrode
                  | rPois rF+ rC+}
 81825 | Vaults:5 | Identified the staff of Premature Burial {rC+ Str+4 Stlth-
                  | Ice}
 81833 | Vaults:5 | Reached XP level 23. HP: 194/194 MP: 39/39
 81910 | Vaults:5 | Noticed a shard shrike
 81915 | Vaults:5 | a shard shrike changed into a juggernaut
 81915 | Vaults:5 | Noticed a juggernaut (glowing shapeshifter)
 81917 | Vaults:5 | Killed a juggernaut
 82175 | Vaults:5 | Killed a golden dragon
 82228 | Vaults:5 | Got the Grimoire of the Hazy Switch
 82293 | Vaults:5 | Reached skill level 22 in Shapeshifting
 82622 | Vaults:5 | Identified the +9 whip of Greed {venom, Dex+3}
 83434 | Vaults:5 | Found Van Wuaf's Jewellery Shoppe.
 83820 | Vaults:5 | Got a silver rune of Zot
 83950 | Vaults:5 | Gained mutation: Potions are less effective at restoring
                  | your health. [a cacodemon]
 84622 | Swamp:4  | Upgraded the game from 0.31-a0-620-gd1cbd99268 to
                  | 0.31-a0-626-g8143ab4f1d
 84803 | Slime:1  | Entered Level 1 of the Pits of Slime
 85108 | Slime:2  | Gained mutation: You have hidden genetic defects. [a
                  | shining eye]
 85109 | Slime:2  | Gained mutation: You sometimes lose your temper in combat.
                  | [a shining eye]
 85389 | Slime:2  | You are sucked into a shaft and drop 1 floor!
 85416 | Slime:2  | Gained mutation: You are frail. (-10% HP) [a shining eye]
 85928 | Slime:3  | Gained mutation: You expend magic power (3 MP) to
                  | strengthen your wands. [a shining eye]
 86385 | Slime:3  | Reached skill level 23 in Shapeshifting
 86841 | Slime:4  | Gained mutation: You are vulnerable to cold. (rC-) [a
                  | shining eye]
 86842 | Slime:4  | Gained mutation: You have an uncontrollable temper. [a
                  | shining eye]
 86955 | Slime:5  | Entered Level 5 of the Pits of Slime
 87050 | Slime:5  | Gained mutation: You occasionally shout uncontrollably at
                  | your foes. [hidden defects]
 87080 | Slime:5  | Paralysed by a formless jellyfish for 1 turns
 87083 | Slime:5  | Noticed the Royal Jelly
 87096 | Slime:5  | Killed the Royal Jelly
 87515 | Slime:4  | Reached skill level 24 in Shapeshifting
 87635 | Slime:4  | Reached XP level 24. HP: 180/180 MP: 39/39
 87635 | Slime:4  | Paralysed by a great orb of eyes for 3 turns
 87653 | Slime:4  | Gained mutation: Armour fits poorly on your strangely
                  | shaped body. [hidden defects]
 87653 | Slime:4  | Lost mutation: You have hidden genetic defects. [hidden
                  | defects expressed]
 87885 | Slime:5  | Gained mutation: You are clumsy. (Dex -2) [a shining eye]
 87896 | Slime:5  | Paralysed by a great orb of eyes for 5 turns
 87901 | Slime:5  | Gained mutation: You are dopey. (Int -2) [a shining eye]
 87902 | Slime:5  | Gained mutation: Your magical capacity is low. (-10% MP) [a
                  | shining eye]
 87907 | Slime:5  | Gained mutation: You frequently scream uncontrollably at
                  | your foes. [a shining eye]
 87933 | Slime:5  | Gained mutation: Potions cannot restore your health. [a
                  | shining eye]
 88014 | Slime:5  | Identified the +6 mace "Dumuisick" {flame, rPois rCorr}
 88015 | Slime:5  | Gained mutation: Your spells are a little easier to cast,
                  | but a little less powerful. [a shining eye]
 88583 | Slime:5  | Identified the ring "Ycaraf" {Str+4 Int+3 SInv}
 88655 | Slime:5  | Got a slimy rune of Zot
 88799 | Slime:5  | Identified the +12 arbalest of the Shining Light {drain,
                  | Fragile rF+ rN+}
 88860 | Slime:5  | Identified the +8 spear "Ubatiohy" {heavy, Str+2}
 89077 | Slime:5  | Reached skill level 25 in Shapeshifting
 89320 | Slime:5  | Lost mutation: You are frail. (-10% HP) [potion of
                  | mutation]
 89320 | Slime:5  | Lost mutation: You have supernaturally acute eyesight.
                  | (SInv) [potion of mutation]
 89320 | Slime:5  | Lost mutation: You expend magic power (3 MP) to strengthen
                  | your wands. [potion of mutation]
 89320 | Slime:5  | Gained mutation: You expend magic power (3 MP) to
                  | strengthen your wands. [potion of mutation]
 89321 | Slime:5  | Lost mutation: You are clumsy. (Dex -2) [potion of
                  | mutation]
 89321 | Slime:5  | Lost mutation: You frequently scream uncontrollably at your
                  | foes. [potion of mutation]
 89321 | Slime:5  | Lost mutation: Your magical capacity is low. (-10% MP)
                  | [potion of mutation]
 89321 | Slime:5  | Lost mutation: Potions cannot restore your health. [potion
                  | of mutation]
 89321 | Slime:5  | Gained mutation: You are partially covered in large bone
                  | plates. (SH +4) [potion of mutation]
 89322 | Slime:5  | Lost mutation: You are vulnerable to cold. (rC-) [potion of
                  | mutation]
 89322 | Slime:5  | Lost mutation: You occasionally shout uncontrollably at
                  | your foes. [potion of mutation]
 89322 | Slime:5  | Lost mutation: Potions are less effective at restoring your
                  | health. [potion of mutation]
 89322 | Slime:5  | Lost mutation: You are dopey. (Int -2) [potion of mutation]
 89322 | Slime:5  | Gained mutation: You are somewhat resistant to further
                  | mutation. [potion of mutation]
 90998 | Crypt:1  | Entered Level 1 of the Crypt
 93839 | Crypt:2  | Learned a level 2 spell: Lesser Beckoning
 94219 | Crypt:3  | Entered Level 3 of the Crypt
 94353 | Crypt:3  | Found a staircase to the Tomb.
 95287 | Crypt:3  | Reached skill level 26 in Shapeshifting
 95287 | Crypt:3  | Reached XP level 25. HP: 208/208 MP: 39/39
 95488 | Crypt:3  | Identified the +9 war axe of the Keeping Gods {freeze,
                  | Str-5 Int+5}
 96327 | Crypt:3  | Reached skill level 27 in Shapeshifting
 96343 | Crypt:3  | Noticed a dread lich
 96348 | Crypt:3  | Killed a dread lich
 96522 | Crypt:3  | Got Xavehefo's Vellum of the Virous Undead
 96990 | Crypt:3  | Identified the ring "Apnun" {rN+ MP+9}
 96990 | Crypt:3  | Identified the ring "Duttuiku" {rN+ rCorr Stlth+}
 96990 | Crypt:3  | Identified the ring of Zuoluqan {rN+ rCorr}
 97432 | Depths:1 | Entered Level 1 of the Depths
 97474 | Depths:1 | Found a runed translucent gate.
 97557 | Depths:1 | Found a runed translucent gate.
 97558 | Depths:1 | Found a runed translucent gate.
 97799 | Depths:1 | Found a one-way gate to the infinite horrors of the Abyss.
 97945 | Depths:1 | Found a gateway to Hell.
 97977 | Depths:1 | Found Cucvim's Book Emporium.
 98213 | Depths:1 | Noticed Roffer's ghost (adept DsGl)
 98921 | Depths:1 | Reached skill level 15 in Spellcasting
 99109 | Depths:1 | Killed Roffer's ghost
 99130 | Depths:1 | Got the ring of the Voivode {Fire Will+ Str-3 Dex+4}
 99195 | Depths:2 | Found a one-way gate leading to the halls of Pandemonium.
 99409 | Depths:2 | Found an opulent altar of Gozag.
 99572 | Depths:2 | Reached XP level 26. HP: 215/215 MP: 42/42
100402 | Depths:2 | Got the Parchment of Last Rites and Correspondence
100790 | Depths:2 | Identified the +1 plate armour of the Gloaming {*Slow rN+
                  | Int+7}
100798 | Depths:2 | Found a one-way gateway to a ziggurat.
101509 | Depths:3 | Noticed a juggernaut
101537 | Depths:3 | Killed a juggernaut
102585 | Depths:4 | Entered Level 4 of the Depths
102590 | Depths:4 | Noticed Louise
102602 | Depths:4 | Killed Louise
103063 | Depths:4 | Found an ancient bone altar of Kikubaaqudgha.
103185 | Depths:4 | Found a gate to the Realm of Zot.
103564 | Depths:4 | Upgraded the game from 0.31-a0-626-g8143ab4f1d to
                  | 0.31-a0-640-g39d97e502b
103611 | Zot:1    | Entered Level 1 of the Realm of Zot
103645 | Zot:1    | Reached XP level 27. HP: 222/222 MP: 46/46
104544 | Zot:1    | Reached skill level 15 in Evocations
104571 | Zot:1    | Identified the +10 falchion of Goadimao {freeze, rF+}
105512 | Snake:3  | Bought a talisman of death for 1932 gold pieces
105517 | Snake:3  | Bought a wand of roots (5) for 240 gold pieces
106418 | Zig:1    | Entered Level 1 of a ziggurat
106434 | Zig:2    | Entered Level 2 of a ziggurat
106485 | Zig:3    | Entered Level 3 of a ziggurat
106490 | Zig:3    | Reached skill level 15 in Stealth
106614 | Zig:4    | Entered Level 4 of a ziggurat
106659 | Zig:5    | Entered Level 5 of a ziggurat
106664 | Zig:5    | Noticed an ancient lich
106668 | Zig:5    | Killed an ancient lich
106705 | Zig:6    | Entered Level 6 of a ziggurat
106764 | Zig:6    | Identified the amulet of Ru's Hatred {Rampage rF+ Regen+
                  | Int+4}
106785 | Zig:7    | Entered Level 7 of a ziggurat
106838 | Zig:7    | Got the Parchment of the Arctic Assassin
107001 | Zig:8    | Entered Level 8 of a ziggurat
107589 | Zig:9    | Entered Level 9 of a ziggurat
107594 | Zig:9    | Noticed an ancient lich
107595 | Zig:9    | Noticed a dread lich
107598 | Zig:9    | Killed an ancient lich
107608 | Zig:9    | Paralysed by something for 4 turns
107617 | Zig:9    | Killed a dread lich
107659 | Zig:9    | Got Fophe's Directory of the Singularity
107678 | Zig:9    | Lost mutation: Your muscles are very strong. (Str +8,
                  | Int/Dex -2) [potion of mutation]
107678 | Zig:9    | Lost mutation: You are partially covered in large bone
                  | plates. (SH +4) [potion of mutation]
107678 | Zig:9    | Gained mutation: You have very sharp fingernails. [potion
                  | of mutation]
107679 | Zig:9    | Lost mutation: Your muscles are strong. (Str +4, Int/Dex
                  | -1) [potion of mutation]
107679 | Zig:9    | Lost mutation: Your spells are a little easier to cast, but
                  | a little less powerful. [potion of mutation]
107680 | Zig:9    | Lost mutation: You are partially covered in iridescent
                  | scales. (AC +2) [potion of mutation]
107680 | Zig:9    | Lost mutation: You are somewhat resistant to further
                  | mutation. [potion of mutation]
107680 | Zig:9    | Lost mutation: You have an uncontrollable temper. [potion
                  | of mutation]
107689 | Depths:2 | Bought a scroll of silence for 171 gold pieces
107689 | Depths:2 | Bought a scroll of fog for 72 gold pieces
107841 | Zot:2    | You are sucked into a shaft and drop 1 floor!
109404 | Zot:2    | Noticed an orb of fire
109409 | Zot:2    | Gained mutation: You are dopey. (Int -2) [an orb of fire]
109412 | Zot:2    | Killed an orb of fire
110190 | Zot:4    | Noticed Grunn
110236 | Zot:4    | Killed Grunn
110982 | Zot:4    | Identified the +0 pair of gloves of Rationality {rPois
                  | MP+9}
111066 | Zot:4    | Noticed Parghit
111075 | Zot:4    | Killed Parghit
111339 | Zot:5    | Entered Level 5 of the Realm of Zot
111340 | Zot:5    | Noticed a dread lich
112034 | Zot:5    | Killed a dread lich
112048 | Zot:5    | Noticed an orb of fire
112052 | Zot:5    | Gained mutation: Your magical capacity is low. (-10% MP)
                  | [an orb of fire]
112053 | Zot:5    | Noticed an orb of fire
112055 | Zot:5    | Noticed a dread lich
112058 | Zot:5    | Killed an orb of fire
112111 | Zot:5    | Noticed an orb of fire
112115 | Zot:5    | Noticed an orb of fire
112119 | Zot:5    | Noticed an orb of fire
112123 | Zot:5    | Noticed an orb of fire
112124 | Zot:5    | Killed an orb of fire
112130 | Zot:5    | Noticed a dread lich
112131 | Zot:5    | Killed an orb of fire
112133 | Zot:5    | Killed an orb of fire
112135 | Zot:5    | Killed a dread lich
112141 | Zot:5    | Killed a dread lich
112152 | Zot:5    | Killed an orb of fire
112185 | Zot:5    | Got the Orb of Zot
112236 | Zot:3    | Noticed Gyidah the pandemonium lord
112247 | Zot:3    | Killed Gyidah the pandemonium lord
112598 | D:12     | Noticed Tahig the pandemonium lord
112885 | D:$      | Escaped with the Orb!

Illustrated notes

Levels and vault maps discovered:
D:1:      spicycebolla_green_bress_n_ham_2, layout_basic
D:2:      layout_rooms
D:3:      layout_basic, lemuel_coloured_pillars_altar
D:4:      layout_basic, old_standard_altar, minmay_temple_entry_enclosed_plants,
          uniq_duvessa, uniq_menkaure
D:5:      layout_cave_pools, portal_sewer_entry_b, kennysheep_cross_room,
          minivault_4, minmay_splitting_lines, kennysheep_generic_room_9,
          uniq_ijyb, uniq_prince_ribbit1
D:6:      layout_loops_ring, grunt_temple_overflow_order_and_chaos_2,
          nicolae_ashenzari_panopticon
D:7:      layout_loops_corners, enter_bailey_3, lightli_minifort
D:8:      layout_gridville, marbit_many_paths, uniq_pikel, uniq_joseph
D:9:      layout_rooms, nicolae_qazlal_scattered_showers,
          hangedman_weighted_door
D:10:     layout_long_grid
D:11:     minmay_the_grid_triangle_9x9_rhombus_thin
          [minmay_the_grid_triangle_9x9_skeleton,
          minmay_the_grid_triangle_9x9_prize_center,
          minmay_the_grid_triangle_9x9_flanged_cone,
          minmay_the_grid_triangle_9x9_longest], layout_loops_corners
D:12:     layout_cave_pools, serial_bayou, serial_bayou_ford_a,
          serial_bayou_pond_c, serial_bayou_shore_a, serial_bayou_pond_e
D:13:     wad_pebble_path, layout_loops_ring, erik_vaults_1, uniq_kirke,
          uniq_snorg
D:14:     layout_roguey, columned_hall_lemuel, serial_glass, glass_columns_c,
          glass_columns_c
D:15:     grunt_enter_depths_snipers, layout_basic
Lair:1:   layout_chaotic_city, hangedman_lair_unloving_vines,
          chequers_serial_rivers_micro_a, nicolae_lair_lakeside_cave
Lair:2:   layout_cave_pods, nicolae_swamp_entry_splash_gauntlet,
          minmay_snake_entry_guardpost_small, st_stairs_8, grunt_megastairs_2
Lair:3:   layout_gridlike, pond, lemuel_fruit_tree
Lair:4:   layout_loops_ring, basic_altar, grunt_megastairs_3, uniq_nessos
Lair:5:   minmay_lair_end_enchanted_forest, layout_cave_pods,
          dpeg_slime_entry_enclosed, minivault_19, uniq_josephine, uniq_rupert
Swamp:1:  nicolae_swamp_standing_stones, layout_basic_swamp,
          evilmike_swamp_ruin_house_4, swamp_pool1
Swamp:2:  layout_basic_swamp, hangedman_swamp_lotus
Swamp:3:  layout_basic_swamp, nicolae_swamp_fairy_circle
Swamp:4:  swamp_basic_johnstein, layout_basic_swamp, swamp_pool2
Snake:1:  layout_concentric_octagons, gammafunk_ghost_necromancy,
          nicolae_snake_round_shape_thing
Snake:2:  kennysheep_six_static_rooms, layout_onion,
          nicolae_snake_coiling_death, serial_bayou_shore_b
Snake:3:  layout_chambers, basic_altar, minmay_shop_grove,
          nicolae_triple_integral
Snake:4:  grunt_snake_rune_pools, layout_gridlike, nicolae_shop_gadgets
Slime:1:  layout_caves
Slime:2:  layout_caves
Slime:3:  layout_caves
Slime:4:  layout_caves, nicolae_slime_barrier
Slime:5:  slime_pit_nicolae_amoeboid
Orc:1:    layout_caves
Orc:2:    st_orc_pillars, layout_diamond_mine, serial_shops, shop,
          roderic_batcave
Elf:1:    minmay_elf_arrival_summoners, layout_loops_ring, serial_shops,
          nicolae_shop_rolling_square, nicolae_shop_getting_attention,
          nicolae_shop_just_a_little_nook, nicolae_shop_rolling_square,
          nicolae_shop_mannequins, minmay_elf_annihilation,
          lemuel_flamethrower_2
Elf:2:    nicolae_elf_blades_crystal_corner, layout_rooms, st_stairs_10
Elf:3:    minmay_elf_hall_dome, layout_geoelf_grid, serial_shops, shop,
          guppyfry_elf_altar
Vaults:1: ebering_ghost_reflecting_pool, nicolae_vaults_double_plus_1,
          v_misc_13, nicolae_vaults_cornered_office, v_alt_pattern_4,
          nicolae_vaults_puzzle_piece, nicolae_vaults_windows_and_doors_thing,
          nicolae_vaults_six-pack, nicolae_vaults_double_plus_3,
          hangedman_vaults_nails, nicolae_vaults_little_squares_5,
          vaults_room_door_ring, nicolae_vaults_rhombus_5,
          layout_vaults_chaotic_city, serial_shops, bzr_entry_islet, uniq_aizul,
          uniq_nikola, uniq_donald
Vaults:2: nicolae_vaults_apartment_1, nicolae_vaults_little_squares_4,
          nicolae_vaults_six-pack, v_misc_13, nicolae_vaults_network_periphery,
          hangedman_vaults_capsules, nicolae_vaults_diamond_1,
          vaults_standard_mumra_enter_the_diamond, ontoclasm_vaults_ligature,
          nicolae_vaults_apartment_2, v_misc_1, grunt_vaults_hallway_long,
          nicolae_vaults_apartment_1, layout_vaults_omnibox, uniq_margery,
          uniq_mara
Vaults:3: v_pattern_4, v_misc_24, nicolae_vaults_prndl, v_misc_25,
          blue_anna_dwarven_crypt, hangedman_vaults_maws,
          vaults_room_fancy_cross, ontoclasm_vaults_pinch,
          ontoclasm_vaults_fault, nicolae_vaults_door_testing_chamber,
          layout_vaults_quadrants
Vaults:4: nicolae_vaults_arrows, v_misc_11, grunt_vaults_hallway_short,
          nicolae_vaults_branching_niches, nicolae_vaults_closet_pinwheel_2,
          nicolae_vaults_yaktaur_gun_rack, v_misc_30, nicolae_vaults_gold_heap,
          v_pattern_2, nicolae_vaults_house_3, nicolae_vaults_trapezoid_3,
          nicolae_vaults_little_ls, vaults_dpeg_spiral,
          nicolae_vaults_little_squares_6, nicolae_vaults_two_Ls,
          nicolae_vaults_diamond_1, layout_vaults_maze, serial_shops,
          freezing_bzr
Vaults:5: serial_shops, uniq_jory
Crypt:1:  layout_chaotic_city, grunt_megastairs_5
Crypt:2:  layout_basic, grunt_ministairs_11, serial_sigils_hangedman_snap
Crypt:3:  due_elkab, layout_chaotic_city, nicolae_crypt_ancient_font
Depths:1: layout_gridlike, grunt_metal_band, gammafunk_ghost_icy, minivault_14,
          abyss_entry, special_room [special_room_jelly], serial_bayou_pond_e,
          kennysheep_small_square, minmay_shop_star
Depths:2: evilmike_diamond_2, layout_cave_shapes, enter_ziggurat_f, hell_entry,
          infiniplex_staircase_pool_2, pan_entry, grunt_gozag_statues,
          grunt_megastairs_4
Depths:3: hourglass_vault, layout_gridville, abyss_entry_glasseish, hell_entry,
          pan_entry, amcnicky_mini_rare_corridor_liquid,
          kennysheep_cross_landing, infiniplex_staircase_zigzag_2
Depths:4: grunt_twist_and_shout, layout_gridlike,
          nicolae_abyss_entry_one_way_or_another, hangedman_geh_valley,
          nicolae_kikubaaqudgha_miasma_corner
Zot:1:    layout_onion_interference, hangedman_elemental_grid_stream
Zot:2:    layout_gridlike, drop_trap, grunt_ministairs_5
Zot:3:    layout_gridlike, skrybe_zot_glass_2
Zot:4:    lemuel_halls_of_wrath, layout_misc_corridors, uniq_parghit, uniq_grunn
Zot:5:    layout_concentric_octagons

Skill      XL: |  1  2  3  4  5  6  7  8  9 10 11 12 13 14 15 16 17 18 19 20 21 22 23 24 25 26 27 |
---------------+----------------------------------------------------------------------------------+-----
Dodging        | 3 4 5 6 7 9 10 12 13 15 17 18 19 | 19.3
Fighting       | 2 3 4 6 7 9 10 11 13 14 15 16 17 18 19 25 | 25.0
Unarmed Combat | 4 5 6 8 9 11 12 13 14 15 16 20 22 24 25 | 25.6
Shapeshifting  | 5 6 7 8 10 12 14 16 17 18 20 21 24 26 27 | 27.0
Stealth        | 3 6 9 10 11 12 14 20 | 20.0
Evocations     | 1 6 8 10 12 18 | 18.0
Spellcasting   | 4 5 7 8 10 12 15 19 | 19.9
Transmutations | 5 7 10 11 | 11.5
Armour         | 2 |  2.3
Hexes          | 2 4 8 10 12 | 12.0
Translocations | 1 4 5 6 |  6.1

Action                     |  1- 3 |  4- 6 |  7- 9 | 10-12 | 13-15 | 16-18 | 19-21 | 22-24 | 25-27 || total
---------------------------+-------+-------+-------+-------+-------+-------+-------+-------+-------++-------
  Melee: Unarmed           |    97 |    56 |   419 |   753 |  1317 |   893 |   751 |   855 |  1316 ||  6457
         Punch             |     4 |       |    29 |    50 |    20 |    59 |    94 |   141 |   236 ||   633
         Tailslap          |       |       |    16 |    15 |     1 |    65 |   110 |   125 |       ||   332
         Bite              |       |       |       |       |       |    53 |    98 |    87 |       ||   238
   Cast: Blink             |       |       |       |       |       |       |     2 |     3 |     1 ||     6
         Yara's Violent Un |       |       |       |       |       |       |       |       |     5 ||     5
 Invoke: Potion Petition   |       |       |     1 |     2 |     4 |     4 |     7 |    10 |     3 ||    31
         Call Merchant     |       |       |       |       |     1 |     1 |       |       |     3 ||     5
         Bribe Branch      |       |       |       |       |       |       |       |       |     1 ||     1
Ability: Begin Untransform |       |       |       |       |     1 |     3 |       |     1 |       ||     5
         Breathe Fire      |       |       |       |       |       |    20 |    24 |    15 |       ||    59
         Blinkbolt         |       |       |       |       |       |       |       |     6 |    30 ||    36
  Evoke: Wand              |       |       |       |     6 |     8 |    20 |    22 |    35 |     7 ||    98
         Lightning rod     |       |       |       |     4 |    13 |     1 |     6 |     6 |     1 ||    31
         Condenser vane    |       |       |       |     1 |     4 |     1 |     1 |     1 |     1 ||     9
    Use: Potion            |       |     2 |     1 |     7 |    11 |     2 |     5 |    12 |    28 ||    68
         Scroll            |       |       |    10 |    18 |    16 |     6 |     8 |    18 |     6 ||    82
   Stab: Sleeping          |     2 |       |       |     7 |     2 |    21 |    22 |    15 |    33 ||   102
         Distracted        |       |     1 |       |     2 |     4 |    12 |     6 |    12 |    26 ||    63
         Petrified         |       |       |       |       |     2 |       |       |       |       ||     2
         Confused          |       |       |       |       |     1 |       |       |       |       ||     1
         Invisible         |       |       |       |       |       |       |     1 |       |     5 ||     6
 Armour: Animal skin       |     7 |       |       |       |       |       |       |       |       ||     7
         Ring mail         |     4 |    13 |    59 |   138 |   288 |    50 |       |       |       ||   552
         Skin              |       |    11 |       |       |       |   179 |   218 |   162 |    76 ||   646
  Dodge: Dodged            |    50 |    22 |   205 |   398 |   814 |   474 |   398 |   420 |  1269 ||  4050
   Form: Flux              |       |       |       |       |     1 |       |       |       |       ||     1
         Dragon            |       |       |       |       |       |     2 |       |       |       ||     2
         Blade             |       |       |       |       |       |     1 |       |       |       ||     1
         Storm             |       |       |       |       |       |       |       |     1 |       ||     1

Table legend: (Time is in decaauts)
 A = Elapsed time spent in this place.
 B = Non-inter-level travel time spent in this place.
 C = Inter-level travel time spent in this place.
 D = Time resting spent in this place.
 E = Time spent auto-exploring this place.
 F = Levels seen in this place.
 G = Mean time per level.
                   A        B        C        D        E       F      G
               +--------+--------+--------+--------+--------+-----+--------+
         Total | 111582 | 103479 |   8103 |  43012 |  36562 |  68 | 1640.9 |
       Dungeon |  21496 |  18930 |   2566 |   6662 |   8390 |  15 | 1433.1 |
          Lair |  16652 |  15343 |   1309 |   8703 |   3516 |   5 | 3330.4 |
         Swamp |   7121 |   6754 |    367 |   3719 |   1842 |   4 | 1780.2 |
     Snake Pit |  11516 |  10827 |    689 |   5610 |   2756 |   4 | 2879.0 |
    Slime Pits |   5939 |   5773 |    166 |   3453 |    874 |   5 | 1187.8 |
  Orcish Mines |   3641 |   3238 |    403 |   1199 |   1298 |   2 | 1820.5 |
   Elven Halls |   6999 |   6457 |    542 |   1975 |   2109 |   3 | 2333.0 |
        Vaults |  15940 |  15124 |    816 |   5893 |   6446 |   5 | 3188.0 |
         Crypt |   6039 |   5672 |    367 |   2447 |   1712 |   3 | 2013.0 |
        Depths |   6733 |   6114 |    619 |    857 |   3844 |   4 | 1683.2 |
           Zot |   5924 |   5669 |    255 |    860 |   3129 |   5 | 1184.8 |
      Ziggurat |   1260 |   1260 |      0 |    763 |      0 |   9 |  140.0 |
        Bazaar |    296 |    296 |      0 |    151 |      0 |   2 |  148.0 |
         Sewer |    782 |    782 |      0 |    200 |    353 |   1 |  782.0 |
        Bailey |   1239 |   1239 |      0 |    517 |    289 |   1 | 1239.0 |
               +--------+--------+--------+--------+--------+-----+--------+

Top non-repeatable levels by time:
  Lair:2: 4292 daAuts
  Lair:1: 4265 daAuts
Vaults:4: 3954 daAuts
  Lair:5: 3678 daAuts
 Snake:2: 3630 daAuts
   Elf:3: 3407 daAuts
 Snake:1: 3389 daAuts
  Lair:3: 3337 daAuts
Vaults:3: 3184 daAuts
Vaults:1: 3027 daAuts
Vaults:5: 2898 daAuts
    D:11: 2890 daAuts
Vaults:2: 2875 daAuts
    D:13: 2766 daAuts
   Orc:2: 2749 daAuts
